 Dungeon Crawl Stone Soup version 0.16.2-12-gd0ad4c3 (webtiles) character file.

1879 faibistes the Thaumaturge (level 8, -13/41 HPs)
             Began as a Deep Elf Wizard on Dec 19, 2017.
             Was a Believer of Sif Muna.
             Mangled by an orc warrior
             ... wielding a +0 scimitar
              (24 damage)
             ... on level 7 of the Dungeon.
             The game lasted 00:20:25 (8507 turns).

faibistes the Thaumaturge (Deep Elf Wizard)         Turns: 8507, Time: 00:20:27

Health: -13/41     AC:  5    Str:  4    XL:     8   Next: 91%
Magic:  27/27      EV: 18    Int: 28    God:    Sif Muna [**....]
Gold:   115        SH:  0    Dex: 13    Spells: 6 memorised, 11 levels left

rFire  . . .     SeeInvis .     w - +4 dagger (venom)
rCold  . . .     Clarity  +     a - +0 robe
rNeg   . . .     SustAb   .     (no shield)
rPois  .         Gourm    .     b - +0 hat
rElec  .         Spirit   .     v - +1 cloak
rCorr  .         Warding  .     (no gloves)
rMut   .         Stasis   .     e - +0 pair of boots {Fly}
MR     .....                    K - amulet of clarity
Stlth  ++........               E - +4 ring of evasion
                                x - +2 ring of intelligence

@: flying, repel missiles, not resistant to hostile enchantments, unstealthy
A: no striking features
a: Channel Energy, Forget Spell, Renounce Religion, Stop Flying


You were on level 7 of the Dungeon.
You worshipped Sif Muna.
Sif Muna was pleased with you.
You were not hungry.

You visited 2 branches of the dungeon, and saw 9 of its levels.

You collected 227 gold pieces.
You spent 112 gold pieces at shops.

Inventory:

Hand weapons
 h - a +0 dagger
 w - a +4 dagger of venom (weapon)
 y - the +7 rapier of the Shining Light {antimagic, rElec}
   (You found it on level 6 of the Dungeon)

   It disrupts the flow of magical energy around spellcasters and certain
   magical creatures (including the wielder).
   It insulates you from electricity.
Armour
 a - a +0 robe (worn)
 b - a +0 hat (worn)
 e - a +0 pair of boots of flying (worn)
 v - a +1 cloak (worn)
Magical staves
 q - an uncursed staff of wizardry
Jewellery
 k - an uncursed ring of teleportation
 s - an uncursed ring of stealth
 x - a +2 ring of intelligence (left hand)
 D - an uncursed ring of protection from fire
 E - a +4 ring of evasion (right hand)
 K - an amulet of clarity (around neck)
Magical devices
 p - a wand of frost (22)
 J - a wand of invisibility (4)
 M - a wand of digging (0)
Scrolls
 f - 4 scrolls of remove curse
 o - a scroll of magic mapping
 I - 7 scrolls of teleportation
Potions
 i - a potion of haste
 j - a potion of brilliance
 l - 3 potions of curing
 r - a potion of invisibility
 t - 3 potions of heal wounds
 u - a potion of resistance
 z - 2 potions of might
 B - a potion of poison {unknown}
 F - a potion of cure mutation {unknown}
 H - a potion of magic {unknown}
Books
 c - a book of Minor Magic

   Spells                             Type                      Level
   a - Magic Dart                     Conjuration                  1
   b - Blink                          Translocation                2
   c - Call Imp                       Summoning                    2
   d - Repel Missiles                 Charms/Air                   2
   e - Slow                           Hexes                        2
   f - Conjure Flame                  Conjuration/Fire             3
   g - Mephitic Cloud                 Conjuration/Poison/Air       3
 g - a book of Annihilations {highlevel, unknown}

   This book is beyond your current level of understanding.

   Spells                             Type                      Level
   a - Poison Arrow                   Conjuration/Poison           6
   b - Chain Lightning                Conjuration/Air              8
   c - Lehudib's Crystal Spear        Conjuration/Earth            8
   d - Glaciate                       Conjuration/Ice              9
   e - Fire Storm                     Conjuration/Fire             9
Comestibles
 d - 3 bread rations
 m - 3 meat rations
 n - 4 fruits
 A - a slice of pizza
 C - a beef jerky
 G - 2 chunks of flesh


   Skills:
 + Level 5.6 Dodging
 - Level 2.4 Stealth
 * Level 8.6 Spellcasting
 * Level 5.9 Conjurations
 * Level 3.9 Summonings
 - Level 2.5 Translocations
 * Level 3.8 Fire Magic
 * Level 3.3 Air Magic
 + Level 2.9 Poison Magic


You had 11 spell levels left.
You knew the following spells:

 Your Spells              Type           Power        Failure   Level  Hunger
a - Magic Dart            Conj           ####         1%          1    None
b - Conjure Flame         Conj/Fire      #####...     1%          3    None
c - Call Imp              Summ           ####....     1%          2    None
d - Blink                 Tloc           N/A          2%          2    None
e - Mephitic Cloud        Conj/Pois/Air  ####....     2%          3    None
f - Repel Missiles        Chrm/Air       ###...       4%          2    None


Dungeon Overview and Level Annotations

Branches:
Dungeon (8/15)             Temple (1/1) D:4
   Lair: D:8-11

Altars:
Ashenzari
Cheibriados
Dithmenos
Elyvilon
Fedhas
Gozag
Kikubaaqudgha
Makhleb
Nemelex Xobeh
Okawaru
Qazlal
Ru
Sif Muna
Trog
Vehumet
Xom
Yredelemnul
Zin
The Shining One

Shops:
D:7 *


Message History

You see here an iguana corpse.
You butcher the iguana corpse.
G - 2 chunks of flesh
There is a stone staircase leading down here.
You start resting.
HP restored.
You fly downwards.
An orc comes into view. It is wielding a flail.
The orc warrior hits you with a scimitar!
The centaur shoots an arrow.
The arrow completely misses you.
An orc comes into view.
There is a stone staircase leading up here.
You see here an arrow.
The giant frog barely misses you.
The centaur shoots an arrow.
The arrow hits you!
* * * LOW HITPOINT WARNING * * *
The giant frog completely misses you.
The orc warrior hits you with a scimitar!!
Ouch! That really hurt!
You die...

#.....##
##........##
#.....## ##.).....#
#.....####o......#
##...>.)##>(.....##
##(.>...oo.......#
###.(......###...
#.c..(..## ..
##(.Fo.## ##.@.##
#####


You could see an orc warrior, a giant frog, a centaur and 3 orcs.

Vanquished Creatures
  A spriggan (D:7)
  A black bear (D:6)
  2 ogres
  A sky beast (D:6)
  An orc warrior (D:6)
  Duvessa (D:7)
  2 centaurs
  Blork the orc (D:6)
  2 giant frogs (D:6)
  A scorpion (D:6)
  3 killer bees (D:7)
  Dowan (D:7)
  3 jellies
  A hound (D:5)
  2 iguanas
  3 orc priests
  4 orc wizards
  Natasha (thrice) (D:5)
  A worker ant (D:4)
  Terence (D:3)
  A hound skeleton (D:4)
  3 gnolls (D:6)
  2 worker ant zombies
  2 shadow imps (D:5)
  3 adders
  4 giant geckos
  18 orcs
  2 giant cockroaches
  17 hobgoblins
  3 jackals
  2 quokkas (D:6)
  3 ball pythons
  14 bats
  2 giant newts
  8 goblins
  9 kobolds
  17 rats
145 creatures vanquished.

Vanquished Creatures (collateral kills)
  A killer bee (D:7)
  A bat (D:1)
  2 hobgoblins (D:1)
  2 jackals (D:1)
  3 kobolds
9 creatures vanquished.

Vanquished Creatures (others)
  A crimson imp (D:1)
1 creature vanquished.

Grand Total: 155 creatures vanquished

Notes
Turn   | Place    | Note
--------------------------------------------------------------
     0 | D:1      | faibistes, the Deep Elf Wizard, began the quest for the Orb.
     0 | D:1      | Reached XP level 1. HP: 10/10 MP: 6/6
   364 | D:1      | Reached XP level 2. HP: 15/15 MP: 1/10
   500 | D:1      | Learned a level 2 spell: Blink
   503 | D:1      | Learned a level 2 spell: Call Imp
   644 | D:1      | Reached skill level 5 in Spellcasting
  1012 | D:1      | Reached XP level 3. HP: 19/19 MP: 11/14
  1017 | D:1      | Learned a level 3 spell: Conjure Flame
  1021 | D:1      | Learned a level 3 spell: Mephitic Cloud
  1722 | D:2      | You fall through a shaft for 2 floors!
  1722 | D:4      | Noticed an ogre
  1731 | D:4      | Killed an ogre
  1731 | D:4      | Reached skill level 6 in Spellcasting
  1731 | D:4      | Reached XP level 4. HP: 24/24 MP: 12/18
  1731 | D:4      | Reached XP level 5. HP: 28/28 MP: 13/20
  1785 | D:4      | Found a staircase to the Ecumenical Temple.
  1810 | Temple   | Entered the Ecumenical Temple
  1975 | D:5      | Entered Level 5 of the Dungeon
  2087 | D:4      | Learned a level 2 spell: Repel Missiles
  3165 | D:3      | Noticed Terence
  3178 | D:3      | Killed Terence
  3283 | D:3      | Found a deep blue altar of Sif Muna.
  3302 | D:3      | Became a worshipper of Sif Muna the Loreminder
  3830 | D:4      | Reached XP level 6. HP: 32/32 MP: 17/22
  4166 | D:4      | Reached skill level 7 in Spellcasting
  4396 | D:5      | Noticed Natasha
  4400 | D:5      | Killed Natasha
  4626 | D:5      | Noticed Natasha
  4629 | D:5      | Killed Natasha
  4962 | D:5      | Noticed Natasha
  4965 | D:5      | Killed Natasha
  5009 | D:5      | Reached XP level 7. HP: 31/36 MP: 14/25
  5124 | D:5      | Reached skill level 1 in Air Magic
  5168 | D:5      | Noticed a centaur
  5177 | D:5      | Killed a centaur
  5177 | D:5      | Reached skill level 1 in Fire Magic
  5522 | D:5      | Acquired Sif Muna's first power
  5522 | D:5      | Reached skill level 1 in Poison Magic
  5951 | D:7      | Found Brorch's Assorted Antiques.
  5951 | D:7      | Noticed Duvessa
  5951 | D:7      | Noticed Dowan
  6364 | D:7      | Killed Duvessa
  6369 | D:7      | Killed Dowan
  6412 | D:7      | Bought a pair of embroidered boots for 112 gold pieces
  6521 | D:6      | Reached skill level 5 in Dodging
  6604 | D:6      | Noticed Blork the orc
  6612 | D:6      | Killed Blork the orc
  6612 | D:6      | Reached skill level 5 in Conjurations
  6619 | D:6      | Reached XP level 8. HP: 41/41 MP: 10/27
  6869 | D:6      | Reached skill level 8 in Spellcasting
  6934 | D:6      | Acquired Sif Muna's second power
  7030 | D:6      | Got a brightly glowing rapier
  7031 | D:6      | Identified the +7 rapier of the Shining Light {antimagic, rElec} (You found it on level 6 of the Dungeon)
  8323 | D:7      | Noticed a spriggan baker
  8334 | D:7      | Killed a spriggan baker
  8507 | D:7      | Mangled by an orc warrior

Action                   |  1- 3 |  4- 6 |  7- 9 || total
-------------------------+-------+-------+-------++-------
Melee: Unarmed           |     5 |       |       ||     5
       Dagger            |    14 |    18 |    45 ||    77
 Cast: Magic Dart        |    74 |   133 |   140 ||   347
       Call Imp          |     6 |       |       ||     6
       Mephitic Cloud    |     1 |    12 |    18 ||    31
       Conjure Flame     |     1 |     1 |    11 ||    13
       Blink             |       |    13 |     6 ||    19
       Repel Missiles    |       |     1 |     3 ||     4
Invok: Channel Energy    |       |       |     2 ||     2
  Use: Scroll            |       |     7 |    13 ||    20
 Stab: Confused          |     1 |       |       ||     1
  Eat: Chunk             |     2 |    10 |    11 ||    23
